 Dungeon Crawl Stone Soup version 0.19-b1-5-gdc9fa9d (webtiles) character file.

18 Chiseanne the Charlatan (level 2, -4/22 HPs)
             Began as a Mummy Artificer on Oct 31, 2016.
             Slain by Terence
             ... wielding a +2 short sword of electrocution
              (20 damage)
             ... on level 2 of the Dungeon.
             The game lasted 00:01:48 (898 turns).

Chiseanne the Charlatan (Mummy Artificer)            Turns: 898, Time: 00:01:49

Health: -4/22      AC:  3    Str: 15    XL:     2   Next: 48%
Magic:  3/3        EV: 12    Int: 10    God:
Gold:   60         SH:  0    Dex: 12    Spells: 0 memorised, 1 level left

rFire  x . .     SeeInvis .     a - +0 short sword
rCold  + . .     Gourm    .     b - +0 leather armour
rNeg   + + +     Faith    .     (no shield)
rPois  ∞         Spirit   .     (no helmet)
rElec  .         Reflect  .     (no cloak)
rCorr  .         Harm     .     (no gloves)
MR     .....                    (no boots)
Stlth  +.........               (no amulet)
                                (no ring)
                                (no ring)

@: no status effects
A: no food or potions, fire vulnerability, cold resistance 1, negative energy
resistance 3, torment resistance, unbreathing
a: no special abilities


You were on level 2 of the Dungeon.
You were not hungry.

You visited 1 branch of the dungeon, and saw 2 of its levels.

You collected 60 gold pieces.

Inventory:

Hand Weapons
 a - a +0 short sword (weapon)
Missiles
 f - 5 stones (quivered)
Armour
 b - a +0 leather armour (worn)
Wands
 c - a wand of flame (15/48)
 d - a wand of enslavement (10/24)
 e - a wand of random effects (12/48)
Scrolls
 g - a scroll of recharging {unknown}


   Skills:
 * Level 1.8 Fighting
 - Level 0.7 Short Blades
 * Level 1.9 Dodging
 - Level 0.7 Stealth
 * Level 2.6 Evocations


You had one spell level left.
You didn't know any spells.

Dungeon Overview and Level Annotations

Branches:
Dungeon (1/15)

Altars:
Dithmenos
Makhleb

Annotations:
D:2 Terence


Innate Abilities, Weirdness & Mutations

You do not eat or drink.
Your flesh is vulnerable to fire.
You are immune to poison.
Your flesh is cold resistant. (rC+)
You are immune to negative energy. (rN+++)
You are immune to unholy pain and torment.
You can survive without breathing.


Message History

The bat hits you. The bat hits you but does no damage.
Terence completely misses you. The bat closely misses you.
The bat hits you but does no damage.
Evoke which item? (* to show all) (? for menu, Esc to quit)
Zapping:
d - a wand of enslavement (12/24)
Press: ? - help, Shift-Dir - straight line, f/p - Terence
Aim: Terence, wielding a short sword of electrocution and wearing a chain mail (heavily wounded, chance to defeat MR: 60%) Terence resists with significant effort.
This wand has 11 charges left.
The bat barely misses you. The bat closely misses you.
The bat hits you but does no damage. Terence closely misses you.
Evoke which item? (* to show all) (? for menu, Esc to quit)
Zapping:
d - a wand of enslavement (11/24)
Press: ? - help, Shift-Dir - straight line, f/p - Terence
Aim: Terence, wielding a short sword of electrocution and wearing a chain mail (heavily wounded, chance to defeat MR: 60%) Terence resists with significant effort.
This wand has 10 charges left.
The bat hits you but does no damage. x2
Terence hits you but does no damage.
You are electrocuted!
Ouch! That really hurt!
You die...

####### #.....# #.....#
#.....# #
#+############.....###.#
#.##..........b........#
#)##....................
###..#....................
...............b@@........
####.#..........##.#......
#.#####+#######†#.#####
#.# ..#%. #.. ... .. ##.
.... ... .# ..... b.. ..
#.....


You could see Terence and 2 bats.

Vanquished Creatures
  An adder (D:2)
  A leopard gecko (D:1)
  A ball python (D:1)
  A goblin (D:1)
  A hobgoblin (D:1)
  2 jackals (D:2)
  A bat (D:1)
  A frilled lizard (D:1)
  A kobold (D:1)
  A rat (D:1)
11 creatures vanquished.

Vanquished Creatures (others)
  An adder (D:2)
1 creature vanquished.

Grand Total: 12 creatures vanquished

Notes
Turn   | Place    | Note
-------+----------+-------------------------------------------
     0 | D:1      | Chiseanne the Mummy Artificer began the quest for the Orb.
     0 | D:1      | Reached XP level 1. HP: 15/15 MP: 2/2
   556 | D:1      | Reached XP level 2. HP: 21/21 MP: 3/3
   638 | D:1      | You fall through a shaft!
   656 | D:2      | Found a burning altar of Makhleb.
   656 | D:2      | Found a shadowy altar of Dithmenos.
   880 | D:2      | Noticed Terence
   898 | D:2      | Slain by Terence

Action                   || total
-------------------------++-------
Melee: Short sword       ||    49
Evoke: Wand              ||     8
Armor: Leather armour    ||    27
Dodge: Dodged            ||    49
